 Dungeon Crawl Stone Soup version 0.18.1-50-g88ac8fd (webtiles) character file.

12678 ololoev the Cleaver (level 11, -33/89 HPs)
             Began as a Demonspawn Fighter on Oct 13, 2016.
             Was an Elder of Makhleb.
             Killed from afar by a frost giant (66 damage)
             ... with an exploding inner flame
             ... hexed by the player character
             ... in an ice cave.
             The game lasted 00:27:20 (3428 turns).

ololoev the Cleaver (Demonspawn Fighter)            Turns: 3428, Time: 00:27:21

Health: -33/89     AC: 18    Str: 25    XL:     11   Next: 65%
Magic:  26/26      EV:  5    Int: 14    God:    Makhleb [****..]
Gold:   529        SH: 11    Dex: 13    Spells: 0 memorised, 10 levels left

rFire  . . .     SeeInvis +     H - +11 morningstar "Eos" {elec, -Tele rElec SInv}
rCold  + . .     Gourm    .     y - +0 plate armour
rNeg   . . .     Faith    .     c - +0 shield
rPois  +         Spirit   .     (helmet restricted)
rElec  +         Dismiss  .     l - +0 cloak
rCorr  .         Reflect  .     (no gloves)
SustAt .         Harm     .     n - +0 pair of boots
MR     .....     NoTele   +     p - amulet "Dicedo Nomeph" {Regen+ MP+9 Str+2 Int+4}
Stlth  ..........               K - ring of poison resistance
                                m - +4 ring of strength

@: not resistant to hostile enchantments, extremely unstealthy
A: horns 2, large bone plates 1, cold resistance 1, powered by pain 3, freezing
cloud immunity
a: Minor Destruction, Lesser Servant of Makhleb, Major Destruction, Renounce
Religion


Innate Abilities, Weirdness & Mutations

You have a pair of horns on your head.
You are partially covered in large bone plates (AC +2, SH +2).
Your flesh is cold resistant.
You are powered by pain.
You are immune to freezing clouds.

Inventory:

Hand Weapons
 a - a +0 battleaxe
 H - the +11 morningstar "Eos" (weapon) {elec, -Tele rElec SInv}
   (You found it on level 8 of the Dungeon)

   Occasionally, upon striking a foe, it will discharge some electrical energy
   and cause terrible harm.
   It insulates you from electricity.
   It lets you see invisible.
   It prevents most forms of teleportation.
Missiles
 r - a throwing net (quivered)
Armour
 c - a +0 shield (worn)
 l - a +0 cloak (worn)
 n - a +0 pair of boots (worn)
 y - a +0 plate armour (worn)
Jewellery
 m - a +4 ring of strength (left hand)
 p - the amulet "Dicedo Nomeph" (around neck) {Regen+ MP+9 Str+2 Int+4}
   (You found it on level 4 of the Dungeon)

   [amulet of regeneration]

   It affects your strength (+2).
   It affects your intelligence (+4).
   It affects your magic capacity (+9).
   It increases your rate of regeneration.
 K - a ring of poison resistance (right hand)
Wands
 k - a wand of confusion (17/48)
 C - a wand of flame (30/48)
Scrolls
 e - a scroll of identify
 g - 2 scrolls of teleportation
 i - a scroll of enchant armour
 t - 4 scrolls of amnesia
 v - a scroll of blinking
 B - 5 scrolls of enchant weapon
 D - a scroll of immolation
 E - a scroll of magic mapping
 J - a scroll of recharging
Potions
 h - a potion of haste
 o - a potion of magic
 q - 4 potions of curing
 u - a potion of invisibility
 w - 2 potions of heal wounds
 x - a potion of ambrosia
 z - a potion of might
 A - 3 potions of brilliance
 G - a potion of cure mutation
Comestibles
 b - 3 chunks of flesh
 d - 3 fruits
 f - 2 bread rations
 j - 5 meat rations
 s - 2 beef jerkies


   Skills:
 + Level 9.5 Fighting
 * Level 11.2 Axes
 + Level 8.6 Armour
 + Level 1.1 Dodging
 - Level 2.6 Shields
 - Level 9.0 Invocations


You had 10 spell levels left.
You didn't know any spells.
You were in an ice cave. You worshipped Makhleb. Makhleb was greatly pleased with you. You were not hungry. You visited 3 branches of the dungeon, and saw 12 of its levels. You also visited: Ice Cave. You collected 769 gold pieces. You spent 240 gold pieces at shops. ≈≈≈≈≈≈≈ ≈≈#≈≈# ≈≈≈##### ## ≈≈##...### Y.## ≈#≈..##..## #.... ≈≈.#####..# #hh... ####..#..######## #hhY.# ###.#..#...##...##§Yh# .#.########...##@§§# #.## ########## ###

Notes
Turn   | Place    | Note
--------------------------------------------------------------
     0 | D:1      | ololoev the Demonspawn Fighter began the quest for the Orb.
     0 | D:1      | Reached XP level 1. HP: 18/18 MP: 1/1
    38 | D:1      | Reached skill level 2 in Axes
   145 | D:2      | Gained mutation: You have a pair of small horns on your head. [demonic ancestry]
   145 | D:2      | Reached XP level 2. HP: 21/24 MP: 2/2
   147 | D:2      | Gained mutation: Your flesh is cold resistant. [demonic ancestry]
   147 | D:2      | Reached XP level 3. HP: 26/29 MP: 3/3
   286 | D:3      | Reached skill level 3 in Axes
   286 | D:3      | Gained mutation: You are partially covered in large bone plates (AC +2, SH +2). [demonic ancestry]
   286 | D:3      | Reached XP level 4. HP: 27/37 MP: 4/4
   307 | D:4      | Found a stormy altar of Qazlal.
   359 | D:4      | Got a smoking ruby amulet
   360 | D:4      | Identified the amulet "Dicedo Nomeph" {Regen+ MP+9 Str+2 Int+4} (You found it on level 4 of the Dungeon)
   429 | D:4      | Noticed Pikel
   429 | D:4      | Noticed a slave
   429 | D:4      | Noticed a slave
   429 | D:4      | Noticed a slave
   429 | D:4      | Noticed a slave
   449 | D:4      | Killed Pikel
   449 | D:4      | Reached skill level 5 in Axes
   449 | D:4      | Gained mutation: You sometimes gain a little power by taking damage. [demonic ancestry]
   449 | D:4      | Reached XP level 5. HP: 24/43 MP: 5/5
   449 | D:4      | Gained mutation: You sometimes gain power by taking damage. [demonic ancestry]
   449 | D:4      | Reached XP level 6. HP: 28/50 MP: 6/6
   449 | D:4      | Reached XP level 7. HP: 30/55 MP: 7/7
   462 | D:3      | Found an ancient bone altar of Kikubaaqudgha.
   596 | D:5      | Entered Level 5 of the Dungeon
   596 | D:5      | Found an opulent altar of Gozag.
   663 | D:5      | Reached skill level 5 in Fighting
   686 | D:5      | Found a shattered altar of Ashenzari.
   722 | D:5      | Found a snail-covered altar of Cheibriados.
   757 | D:5      | Noticed Sigmund
   851 | D:4      | Reached skill level 6 in Axes
  1199 | D:5      | Found a staircase to the Ecumenical Temple.
  1199 | D:5      | Noticed Edmund
  1231 | D:5      | Killed Edmund
  1231 | D:5      | Reached skill level 5 in Armour
  1231 | D:5      | Gained mutation: You are powered by pain. [demonic ancestry]
  1231 | D:5      | Reached XP level 8. HP: 64/64 MP: 8/8
  1242 | D:5      | Killed Sigmund
  1261 | Temple   | Entered the Ecumenical Temple
  1305 | Temple   | Became a worshipper of Makhleb the Destroyer
  1372 | D:5      | Reached skill level 1 in Invocations
  1462 | D:6      | Reached skill level 7 in Axes
  1883 | D:7      | Noticed Dowan
  1884 | D:7      | Noticed Duvessa
  1890 | D:7      | Killed Duvessa
  1890 | D:7      | Gained mutation: You are immune to freezing clouds. [demonic ancestry]
  1890 | D:7      | Reached XP level 9. HP: 71/71 MP: 11/11
  1890 | D:7      | Killed Dowan
  1957 | D:8      | Found a deep blue altar of Sif Muna.
  1993 | D:8      | Noticed Grum
  2003 | D:8      | Killed Grum
  2010 | D:8      | Reached * piety under Makhleb
  2016 | D:8      | Reached skill level 8 in Axes
  2169 | D:8      | Found Tossoamn's Jewellery Shoppe.
  2178 | D:8      | Bought an uncursed ring of poison resistance for 240 gold pieces
  2229 | D:8      | Reached skill level 5 in Invocations
  2260 | D:8      | Noticed Prince Ribbit
  2301 | D:8      | Killed Prince Ribbit
  2322 | D:9      | Noticed Rationalist's ghost (novice MiGl)
  2331 | D:9      | Killed Rationalist's ghost
  2331 | D:9      | Reached skill level 9 in Axes
  2331 | D:9      | Gained mutation: You have a pair of horns on your head. [demonic ancestry]
  2331 | D:9      | Reached XP level 10. HP: 78/80 MP: 14/14
  2402 | D:9      | Reached ** piety under Makhleb
  2415 | D:9      | Found a staircase to the Orcish Mines.
  2618 | Orc:1    | Entered Level 1 of the Orcish Mines
  2859 | Orc:2    | Entered Level 2 of the Orcish Mines
  2874 | Orc:2    | Noticed an orc knight
  2891 | Orc:2    | Killed an orc knight
  2898 | Orc:2    | Reached *** piety under Makhleb
  2978 | Orc:2    | Reached skill level 10 in Axes
  2983 | Orc:2    | Found a frozen archway.
  3055 | IceCv    | Entered an ice cave
  3097 | IceCv    | Noticed an ice statue
  3110 | IceCv    | Killed an ice statue
  3128 | IceCv    | Reached XP level 11. HP: 87/87 MP: 16/16
  3209 | IceCv    | Reached **** piety under Makhleb
  3317 | IceCv    | Reached skill level 11 in Axes
  3418 | IceCv    | Noticed a death yak
  3418 | IceCv    | Noticed a frost giant
  3428 | IceCv    | Killed a death yak
  3428 | IceCv    | Reached skill level 1 in Dodging
  3428 | IceCv    | Killed a frost giant
  3428 | IceCv    | Killed from afar by a frost giant

Dungeon Overview and Level Annotations

Branches:
Dungeon (9/15)             Temple (1/1) D:5             Orc (2/2) D:9
   Lair: D:8-11         Elf: Orc:2

Altars:
Ashenzari
Cheibriados
Dithmenos
Fedhas
Gozag
Kikubaaqudgha
Makhleb
Nemelex Xobeh
Qazlal
Sif Muna

Shops:
D:8 =


Message History

You now have 529 gold pieces (gained 21). 3 yaks, a death yak, 6 polar bears and a frost giant come into view.
The yak bellows!
The polar bear growls angrily.
The frost giant shouts!
The polar bear growls angrily.
The yak bellows!
The polar bear growls angrily. x2
The yak moves out of view.
A yak comes into view.
The yak bellows!
Read which item? (? for menu, Esc to quit)
Okay, then.
Read which item? (? for menu, Esc to quit)
As you read the scroll of immolation, it crumbles to dust.
The creatures around you are filled with an inner flame!
The polar bear bites you. You block the polar bear's attack.
The polar bear claws you but does no damage.
Evoke which item? (* to show all) (? for menu, Esc to quit)
Zapping:
k - a wand of confusion (will waste charges)
Press: ? - help, Shift-Dir - straight line, f - polar bear
Aim: a polar bear (inner flame, chance to defeat MR: 46%)
The polar bear appears confused.
Evoking this partially-identified wand wasted a few charges.
The polar bear bites the yak!!
The polar bear claws the yak but does no damage.
The polar bear claws the yak.
Your shield prevents you from hitting the polar bear.
You feel a little less mighty now.
You block the polar bear's attack. x2; The polar bear claws you.
Unknown command.
You puncture the polar bear!
There is a sudden explosion of sparks!
You headbutt the polar bear.
The polar bear is severely wounded.
You block the polar bear's attack. x2
The polar bear claws you but does no damage.
The polar bear bites the frost giant!
The polar bear claws the frost giant.
The polar bear claws the frost giant but does no damage.
You impale the polar bear!!
The polar bear explodes!
The fiery explosion engulfs you!
The fiery explosion engulfs the death yak.
The death yak is moderately wounded.
The fiery explosion engulfs the frost giant.
The frost giant is moderately wounded.
Makhleb accepts your kill.
The death yak is engulfed in roaring flames.
Unknown command.
Unknown command.
Unknown command.
Unknown command.
You hit the death yak.
You headbutt the death yak, but do no damage.
The death yak is heavily wounded.
The frost giant is engulfed in roaring flames.
The death yak is engulfed in roaring flames.
You block the death yak's attack.
Unknown command.
You hit the death yak.
The death yak is severely wounded.
The frost giant is engulfed in roaring flames.
The yak is engulfed in roaring flames.
The death yak is engulfed in roaring flames.
The death yak gores you!
Unknown command.
You sock the death yak! You headbutt the death yak!
The death yak explodes!
The fiery explosion engulfs you!
The fiery explosion engulfs the frost giant.
The frost giant is severely wounded.
The fiery explosion engulfs the yak.
The yak is severely wounded.
Makhleb accepts your kill.
You feel better.
Your Dodging skill increases to level 1!
You are engulfed in roaring flames.
The frost giant is engulfed in roaring flames.
The yak is engulfed in roaring flames.
The yak explodes!
The fiery explosion engulfs the frost giant.
The frost giant explodes!
The fiery explosion engulfs you!
Ouch! That really hurt!
You die...

You could see 5 polar bears and 2 yaks.

Vanquished Creatures
  A death yak (IceCv)
  The ghost of Rationalist the Nimble, a novice MiGl of Trog (D:9)
  Pikel (D:4)
  An orc knight (Orc:2)
  An ice statue (IceCv)
  2 trolls
  9 polar bears (IceCv)
  Prince Ribbit (D:8)
  Sigmund (D:5)
  A wyvern (D:8)
  15 yaks (IceCv)
  Grum (D:8)
  A hippogriff (D:9)
  Edmund (D:5)
  Duvessa (D:7)
  4 wargs
  A sky beast (D:8)
  11 ice beasts
  4 orc warriors
  A necrophage (D:6)
  3 ogres
  A phantom (D:5)
  15 wolves
  3 centaurs
  Dowan (D:7)
  3 scorpions
  4 wights (D:6)
  2 crimson imps
  2 giant frog zombies
  A quasit (D:7)
  A centaur zombie (D:9)
  2 jellies (D:5)
  3 orc priests
  7 orc wizards
  2 iguanas (D:6)
  4 worker ants
  3 adders
  3 gnolls (D:2)
  2 adder zombies
  A giant gecko (D:9)
  25 orcs
  A giant cockroach (D:1)
  2 hobgoblins (D:2)
  3 jackals (D:8)
  3 quokkas
  2 bats
  2 giant newts
  4 goblins
  A rat (D:2)
165 creatures vanquished.

Vanquished Creatures (others)
  A dart slug (D:4)
1 creature vanquished.

Grand Total: 166 creatures vanquished

Action                   |  1- 3 |  4- 6 |  7- 9 | 10-12 || total
-------------------------+-------+-------+-------+-------++-------
Melee: War axe           |    54 |    19 |   137 |       ||   210
       Headbutt          |     7 |     4 |    45 |    53 ||   109
       Morningstar       |       |       |    72 |   240 ||   312
Throw: Throwing net      |       |       |     3 |       ||     3
Evoke: Wand              |       |       |     3 |     1 ||     4
  Use: Potion            |     1 |     2 |     2 |     2 ||     7
       Scroll            |       |       |       |    18 ||    18
 Stab: Held in net/web   |       |       |     1 |       ||     1
  Eat: Chunk             |       |       |     5 |     5 ||    10
Armor: Scale mail        |    30 |     6 |   110 |    13 ||   159
       Plate armour      |       |       |       |   150 ||   150
Dodge: Dodged            |    19 |     5 |    55 |    49 ||   128
Block: Shield            |    34 |    12 |   125 |   179 ||   350

Vault maps used:
D:1:      elethiomel_arrival_infinity_welcomes_careful_drivers
D:2:      old_standard_altar, grunt_ministairs_8, st_stairs_13
D:3:      grunt_temple_overflow_order_and_chaos_1,
          nicolae_overflow_hidden_temple, overflow_temple_1_default,
          tso_oasis_becter
D:4:      lemuel_crystal_altar, solitary_fountain, patterned_corridor,
          uniq_pikel
D:5:      lemuel_coloured_pillars_altar, overflow_temple_1_default,
          minmay_temple_entry_hall, first_bread, serial_bayou_pond_a,
          nicolae_gozag_seed_capital, uniq_edmund, uniq_sigmund
D:6:      kennysheep_ying_yang
D:7:      uniq_duvessa
D:8:      led_sif_book, lightli_temple_of_fire, serial_shops, kennysheep_mini,
          uniq_grum, uniq_maurice, uniq_prince_ribbit1
D:9:      marbit_many_paths, minmay_orc_entry_guard_dogs
Temple:   circular_temple_6
Orc:1:    nicolae_orc_accident_3
Orc:2:    grunt_orc_tribal_feast, portal_ice_cave_entry_ice_beasts,
          david_defended_altar_orc
IceCv:    ice_cave_caverns_03
